NYPL
GENEVA RED LEGS @ WILLIAMSPORT GREYS
09/01/1977
 
TOP OF THE 1ST
Geneva Red Legs batting - Pitching for Williamsport Greys : RHP Jose Ortiz
Pitching: RHP Jose Ortiz
Batting: RHB Raymond Bresnahan 0-0: Ball
1-0: Foul Ball, location: 2F
1-1: Foul Ball, location: 2F
1-2: Foul Ball, location: 2F
1-2: Foul Ball, location: 2F
1-2: SOLO HOME RUN (Flyball, 89XD), Distance : 387 ft
Batting: RHB Jose Bernhardt 0-0: Ball
1-0: Foul Ball, location: 2F
1-1: Ground out 6-3 (Groundball, 56)
Batting: RHB Adolfo Feliz 0-0: Ball
1-0: Called Strike
1-1: Fly out, F9 (Flyball, 9)
Batting: RHB Steve Balboni 0-0: Foul Ball, location: 2F
0-1: Called Strike
0-2: Ball
1-2: Foul Ball, location: 2F
1-2: Ball
2-2: Strikes out swinging
Top of the 1st over - 1 run, 1 hit, 0 errors, 0 left on base; Geneva 1 - Williamsport 0
BOTTOM OF THE 1ST
Williamsport Greys batting - Pitching for Geneva Red Legs : RHP Rickey Keeton
Pitching: RHP Rickey Keeton
Batting: RHB Joseph Tarver 0-0: Called Strike
0-1: Called Strike
0-2: Foul Ball, location: 2F
0-2: Ball
1-2: Reached on error, E5 (Groundball, 56S)
Batting: RHB Jerry Aubin 0-0: Called Strike
0-1: Ball
1-1: Ball
2-1: Swinging Strike
2-2: Strikes out swinging
Batting: RHB Julio Franco 0-0: Foul Ball, location: 2F
0-1: Fly out, F8 (Line Drive, 8LM)
Batting: RHB Tim Tolman 0-0: Foul Ball, location: 2F
0-1: Called Strike
0-2: Ball
1-2: Foul Ball, location: 2F
1-2: Strikes out looking
Bottom of the 1st over - 0 runs, 0 hits, 1 error, 1 left on base; Geneva 1 - Williamsport 0
TOP OF THE 2ND
Geneva Red Legs batting - Pitching for Williamsport Greys : RHP Jose Ortiz
Batting: RHB Sean O'Leary 0-0: Fly out, F7 (Flyball, 78D)
Batting: RHB Allen Leech 0-0: Ball
1-0: Swinging Strike
1-1: Swinging Strike
1-2: Strikes out looking
Batting: LHB William Bowman 0-0: Fly out, F7 (Flyball, 78D)
Top of the 2nd over - 0 runs, 0 hits, 0 errors, 0 left on base; Geneva 1 - Williamsport 0
BOTTOM OF THE 2ND
Williamsport Greys batting - Pitching for Geneva Red Legs : RHP Rickey Keeton
Batting: RHB John Zisk 0-0: Ground out 4-3 (Groundball, 4)
Batting: RHB Nick Esasky 0-0: Ball
1-0: Ball
2-0: Called Strike
2-1: Ball
3-1: Called Strike
3-2: Foul Ball, location: 2F
3-2: SINGLE (Line Drive, 34D)
Batting: LHB Bruce Fields 0-0: Fly out, F8 (Flyball, 8RS)
Batting: RHB Bruce Oliver 0-0: Reached on error, E6 (Groundball, 56)
Nick Esasky to second
Batting: RHB Dave Valle 0-0: Ball
1-0: Ball
2-0: Fly out, F8 (Flyball, 8RM)
Bottom of the 2nd over - 0 runs, 1 hit, 1 error, 2 left on base; Geneva 1 - Williamsport 0
TOP OF THE 3RD
Geneva Red Legs batting - Pitching for Williamsport Greys : RHP Jose Ortiz
Batting: RHB Harold Crisp 0-0: Foul Ball, location: 2F
0-1: Ball
1-1: Ball
2-1: Called Strike
2-2: Ball
3-2: Foul Ball, location: 2F
3-2: Ground out 4-3 (Groundball, 34)
Batting: RHB Richard Meltz 0-0: Ball
1-0: Ball
2-0: DOUBLE (Flyball, 89D)
Batting: RHB Raymond Bresnahan 0-0: SINGLE (Line Drive, 6D)
Richard Meltz to third
Runner from 3rd tries for Home, SAFE, throw by LF to home
Batting: RHB Jose Bernhardt 0-0: Ball
1-0: Ball
2-0: Called Strike
2-1: Foul Ball, location: 2F
2-2: Strikes out swinging
Batting: RHB Adolfo Feliz 0-0: Ball
1-0: Foul Ball, location: 2F
1-1: Ball
2-1: Ball
3-1: Fielders Choice at 2nd, 6-4 (Groundball, 6)
Top of the 3rd over - 1 run, 2 hits, 0 errors, 1 left on base; Geneva 2 - Williamsport 0
BOTTOM OF THE 3RD
Williamsport Greys batting - Pitching for Geneva Red Legs : RHP Rickey Keeton
Batting: RHB Joseph Tarver 0-0: Called Strike
0-1: Foul Ball, location: 2F
0-2: Ball
1-2: SOLO HOME RUN (Flyball, 89XD), Distance : 397 ft
Batting: RHB Jerry Aubin 0-0: SINGLE (Line Drive, 34D)
Batting: RHB Julio Franco 0-0: Called Strike
Jerry Aubin is caught stealing 2nd base 2-4
0-1: Fly out, F8 (Flyball, 8LM)
Batting: RHB Tim Tolman 0-0: Called Strike
0-1: Called Strike
0-2: Ball
1-2: Ball
2-2: Foul Ball, location: 2F
2-2: Foul Ball, location: 2F
2-2: Ball
3-2: Foul Ball, location: 2F
3-2: Foul Ball, location: 2F
3-2: Foul Ball, location: 2F
3-2: Ground out 5-3 (Groundball, 5S)
Bottom of the 3rd over - 1 run, 2 hits, 0 errors, 0 left on base; Geneva 2 - Williamsport 1
TOP OF THE 4TH
Geneva Red Legs batting - Pitching for Williamsport Greys : RHP Jose Ortiz
Batting: RHB Steve Balboni 0-0: Called Strike
0-1: Swinging Strike
0-2: Ball
1-2: Strikes out swinging
Batting: RHB Sean O'Leary 0-0: Called Strike
0-1: Foul Ball, location: 2F
0-2: Foul Ball, location: 2F
0-2: Strikes out looking
Batting: RHB Allen Leech 0-0: DOUBLE (Flyball, 8RXD)
Batting: LHB William Bowman 0-0: Ball
1-0: Ground out 3-1 (Groundball, 34)
Top of the 4th over - 0 runs, 1 hit, 0 errors, 1 left on base; Geneva 2 - Williamsport 1
BOTTOM OF THE 4TH
Williamsport Greys batting - Pitching for Geneva Red Legs : RHP Rickey Keeton
Batting: RHB John Zisk 0-0: Foul Ball, location: 2F
0-1: Ball
1-1: Fly out, F8 (Flyball, 8RS)
Batting: RHB Nick Esasky 0-0: Ball
1-0: Ball
2-0: DOUBLE (Line Drive, 9LS)
Batting: LHB Bruce Fields 0-0: Ball
1-0: Ball
2-0: Called Strike
2-1: SINGLE (Line Drive, 7S)
Nick Esasky to third
Batting: RHB Bruce Oliver 0-0: SINGLE (Line Drive, 78S)
Nick Esasky scores
Bruce Fields to second
Batting: RHB Dave Valle 0-0: Ball
Bruce Fields steals 3rd base
Bruce Oliver to second
1-0: Ground out 1-3 (Groundball, P)
Batting: RHB Joseph Tarver 0-0: Called Strike
0-1: Ball
1-1: Called Strike
1-2: Ball
2-2: Foul Ball, location: 2F
2-2: Foul Ball, location: 2F
2-2: Foul Ball, location: 2F
2-2: SINGLE (Groundball, 56D)
Bruce Fields scores
Bruce Oliver to third
Runner from 3rd tries for Home, SAFE, no throw by LF
Batting: RHB Jerry Aubin 0-0: Ball
1-0: Foul Ball, location: 2F
1-1: Called Strike
1-2: SINGLE (Groundball, 6MD)
Joseph Tarver to second
Runner from 2nd tries for 3rd, SAFE after rundown.
Batting: RHB Julio Franco 0-0: Ball
1-0: SINGLE (Groundball, 2L) (infield hit)
Joseph Tarver scores
Jerry Aubin to second
Batting: RHB Tim Tolman 0-0: Called Strike
0-1: Ball
1-1: Foul Ball, location: 2F
1-2: Ball
Wild Pitch!
Jerry Aubin to third
Julio Franco to second
2-2: Foul Ball, location: 2F
2-2: Ball
3-2: Base on Balls
Batting: RHB John Zisk 0-0: Foul Ball, location: 2F
0-1: Called Strike
0-2: Fly out, F9 (Flyball, 9D)
Bottom of the 4th over - 4 runs, 6 hits, 0 errors, 3 left on base; Geneva 2 - Williamsport 5
TOP OF THE 5TH
Geneva Red Legs batting - Pitching for Williamsport Greys : RHP Jose Ortiz
Batting: RHB Harold Crisp 0-0: Ball
1-0: Called Strike
1-1: DOUBLE (Line Drive, 89M)
Batting: RHB Richard Meltz 0-0: Called Strike
0-1: Ball
1-1: Foul Ball, location: 2F
1-2: Fly out, F8 (Flyball, 8LD)
Runner from 2nd tags up, OUT at 3rd! 8-5
Batting: RHB Raymond Bresnahan 0-0: Ball
1-0: Ball
2-0: Ball
3-0: Base on Balls
Batting: RHB Jose Bernhardt 0-0: Called Strike
0-1: Fly out, F8 (Flyball, 8LD)
Top of the 5th over - 0 runs, 1 hit, 0 errors, 1 left on base; Geneva 2 - Williamsport 5
BOTTOM OF THE 5TH
Williamsport Greys batting - Pitching for Geneva Red Legs : RHP Rickey Keeton
Batting: RHB Nick Esasky 0-0: Ball
1-0: Foul Ball, location: 2F
1-1: SINGLE (Groundball, 34D)
Batting: LHB Bruce Fields 0-0: Called Strike
0-1: Swinging Strike
0-2: Strikes out swinging
Batting: RHB Bruce Oliver 0-0: Ball
1-0: Ball
2-0: Foul Ball, location: 2F
2-1: SINGLE (Line Drive, 78S)
Nick Esasky to second
Batting: RHB Dave Valle 0-0: Fielders Choice at 2nd, 6-4 (Groundball, 6)
Nick Esasky to third
Batting: RHB Joseph Tarver 0-0: Called Strike
0-1: Fly out, F4 (Popup, 34)
Bottom of the 5th over - 0 runs, 2 hits, 0 errors, 2 left on base; Geneva 2 - Williamsport 5
TOP OF THE 6TH
Geneva Red Legs batting - Pitching for Williamsport Greys : RHP Jose Ortiz
Batting: RHB Adolfo Feliz 0-0: Ball
1-0: DOUBLE (Flyball, 8RXD)
Batting: RHB Steve Balboni 0-0: Ball
1-0: Called Strike
Adolfo Feliz steals 3rd base (no throw)
1-1: Foul Ball, location: 2F
1-2: Foul Ball, location: 2F
1-2: Ball
Wild Pitch!
Adolfo Feliz scores
2-2: Fly out, F6 (Popup, 6MS)
Batting: RHB Sean O'Leary 0-0: SINGLE (Flyball, 89S)
Batting: RHB Allen Leech 0-0: Ball
1-0: Grounds into double play, 4-6-3 (Groundball, 4S)
Top of the 6th over - 1 run, 2 hits, 0 errors, 0 left on base; Geneva 3 - Williamsport 5
BOTTOM OF THE 6TH
Williamsport Greys batting - Pitching for Geneva Red Legs : RHP Rickey Keeton
Batting: RHB Jerry Aubin 0-0: Ball
1-0: Called Strike
1-1: Foul Ball, location: 2F
1-2: Foul Ball, location: 2F
1-2: Ball
2-2: Ball
3-2: Ground out 3-1 (Groundball, 34)
Batting: RHB Julio Franco 0-0: Called Strike
0-1: Foul Ball, location: 2F
0-2: Ball
1-2: Strikes out looking
Batting: RHB Tim Tolman 0-0: Ball
1-0: Ball
2-0: SINGLE (Line Drive, 5D)
Batting: RHB John Zisk 0-0: Ball
Passed Ball!
Tim Tolman to second
1-0: Ball
2-0: Ball
3-0: Called Strike
3-1: SINGLE (Flyball, 7S)
Tim Tolman to third
Runner from 3rd tries for Home, throw by LF and OUT! 7-2
Bottom of the 6th over - 0 runs, 2 hits, 0 errors, 1 left on base; Geneva 3 - Williamsport 5
TOP OF THE 7TH
Geneva Red Legs batting - Pitching for Williamsport Greys : RHP Jose Ortiz
Batting: LHB William Bowman 0-0: Ball
1-0: Ball
2-0: Foul Ball, location: 2F
2-1: SINGLE (Line Drive, 7LS)
Batting: RHB Harold Crisp 0-0: Ball
1-0: Foul Ball, location: 2F
1-1: Ball
2-1: Foul Ball, location: 2F
2-2: Strikes out swinging
William Bowman is caught stealing 2nd base 2-4
Batter strikes out.
Batting: RHB Richard Meltz 0-0: Called Strike
0-1: Called Strike
0-2: Fly out, F3 (Popup, 23F)
Top of the 7th over - 0 runs, 1 hit, 0 errors, 0 left on base; Geneva 3 - Williamsport 5
BOTTOM OF THE 7TH
Williamsport Greys batting - Pitching for Geneva Red Legs : RHP Rickey Keeton
Batting: RHB Nick Esasky 0-0: Ball
1-0: Ball
2-0: Called Strike
2-1: Fly out, F9 (Flyball, 9LD)
Batting: LHB Bruce Fields 0-0: Foul Ball, location: 2F
0-1: Called Strike
0-2: DOUBLE (Line Drive, 8RD)
Batting: RHB Bruce Oliver 0-0: Intentional Walk
Pitching: RHP Ronald Patry
Batting: RHB Dave Valle 0-0: Swinging Strike
0-1: Ball
1-1: Ball
2-1: Fly out, F9 (Flyball, 9S)
Batting: RHB Joseph Tarver 0-0: Called Strike
0-1: Foul Ball, location: 2F
0-2: SINGLE (Line Drive, 6MD)
Bruce Fields to third
Bruce Oliver to second
Runner from 3rd tries for Home, SAFE, no throw by CF
Batting: RHB Jerry Aubin 0-0: Called Strike
0-1: Foul Ball, location: 2F
0-2: Ball
1-2: Foul Ball, location: 2F
1-2: Ball
2-2: Ball
3-2: Ground out 4-3 (Groundball, 4)
Bottom of the 7th over - 1 run, 2 hits, 0 errors, 2 left on base; Geneva 3 - Williamsport 6
TOP OF THE 8TH
Geneva Red Legs batting - Pitching for Williamsport Greys : RHP Jose Ortiz
Batting: RHB Raymond Bresnahan 0-0: Ground out 5-3 (Groundball, 56)
Batting: RHB Jose Bernhardt 0-0: Swinging Strike
0-1: Ball
1-1: Fly out, F8 (Flyball, 8LM)
Batting: RHB Adolfo Feliz 0-0: Ground out 3-1 (Groundball, 34)
Top of the 8th over - 0 runs, 0 hits, 0 errors, 0 left on base; Geneva 3 - Williamsport 6
BOTTOM OF THE 8TH
Williamsport Greys batting - Pitching for Geneva Red Legs : RHP Ronald Patry
Batting: RHB Julio Franco 0-0: Ground out 4-3 (Groundball, 4M)
Batting: RHB Tim Tolman 0-0: Ball
1-0: Ball
2-0: Ball
3-0: Base on Balls
Batting: RHB John Zisk 0-0: Ball
1-0: 2-RUN HOME RUN (Flyball, 9D), Distance : 339 ft
Batting: RHB Nick Esasky 0-0: Ball
1-0: Ball
2-0: Ball
3-0: Base on Balls
Batting: LHB Bruce Fields 0-0: Called Strike
0-1: Grounds into double play, 4-6-3 (Groundball, 34)
Bottom of the 8th over - 2 runs, 1 hit, 0 errors, 0 left on base; Geneva 3 - Williamsport 8
TOP OF THE 9TH
Geneva Red Legs batting - Pitching for Williamsport Greys : RHP Jose Ortiz
Batting: RHB Steve Balboni 0-0: Called Strike
0-1: Swinging Strike
0-2: Ball
1-2: Ground out 6-3 (Groundball, 6S)
Batting: RHB Sean O'Leary 0-0: Called Strike
0-1: Ball
1-1: Ball
2-1: Foul Ball, location: 2F
2-2: Strikes out swinging
Batting: RHB Allen Leech 0-0: Ball
1-0: Swinging Strike
1-1: Ground out 4-3 (Groundball, 4)
Top of the 9th over - 0 runs, 0 hits, 0 errors, 0 left on base; Geneva 3 - Williamsport 8
Thursday, April 11th, 2019 - OOTP Baseball 19.14 Build 136